 Dungeon Crawl Stone Soup version 0.26-a0-61-g6c07f0ee8d (webtiles) character file.

Game seed: 10043381062066494673

52 MarredHen the Cutter (level 4, -1/29 HPs)
             Began as a Kobold Chaos Knight on June 8, 2020.
             Was a Plaything of Xom.
             Slain by a worm (8 damage)
             ... on level 2 of the Dungeon.
             The game lasted 00:02:31 (1643 turns).

MarredHen the Cutter (Kobold Chaos Knight)          Turns: 1643, Time: 00:02:32

Health: -1/29      AC:  5    Str: 12    XL:     4   Next: 8%
Magic:  4/4        EV: 15    Int: 13    God:    Xom [*.....]
Gold:   61         SH:  0    Dex: 16    Spells: 3/3 levels left

rFire    . . .     SeeInvis .   a - +0 short sword (chaos)
rCold    . . .     Gourm    .   (shield restricted)
rNeg     . . .     Faith    .   b - +2 leather armour
rPois    .         Spirit   .   (no helmet)
rElec    .         Reflect  .   (no cloak)
rCorr    .         Harm     .   (no gloves)
MR       .....                  (no boots)
Stlth    ++........             (no amulet)
HPRegen  0.09/turn              (no ring)
MPRegen  0.09/turn              (no ring)

@: no status effects
A: small, thin skeletal structure 1, carnivore, strong 1
a: Renounce Religion


You were on level 2 of the Dungeon.
You worshipped Xom.
You were a special plaything of Xom.
You were not hungry.

You visited 1 branch of the dungeon, and saw 2 of its levels.

You collected 61 gold pieces.

Inventory:

Hand Weapons
 a - a +0 short sword of chaos (weapon)
Armour
 b - a +2 leather armour (worn)
Jewellery
 i - a +6 ring of intelligence {unknown}
Scrolls
 d - a scroll of enchant weapon {unknown}
 j - a scroll of enchant armour {unknown}
Potions
 e - a potion of curing {unknown}
 f - 2 potions of might {unknown}
 g - a potion of mutation
 h - a potion of experience {unknown}
 k - a potion of invisibility {unknown}
Comestibles
 c - a ration


   Skills:
 + Level 4.0 Fighting
 + Level 5.0 Short Blades
 + Level 1.2 Armour
 + Level 2.7 Dodging


You had 3 spell levels left.
You didn't know any spells.
Your spell library was empty.

Dungeon Overview and Level Annotations

Branches:
Dungeon (2/15)

Altars:


Innate Abilities, Weirdness & Mutations

You are small and have problems with some larger weapons.
You are carnivorous and can eat meat at any time.
You have a somewhat thin skeletal structure. (Dex +2, Stealth)
Your muscles are strong. (Str +2)


Message History

The worm is heavily wounded.
The rat bites you.
You hit the worm.
The worm seems to speed up.
Xom is highly amused!
The worm is heavily wounded.
The worm barely misses you.
You barely miss the worm.
The worm is heavily wounded.
The rat misses you. The worm bites you.
You barely miss the worm.
The worm is heavily wounded.
The rat misses you. The worm bites you!
* * * LOW HITPOINT WARNING * * *
The rat barely misses you.
It was a potion of mutation.
You feel extremely strange.
You feel stronger.
Your bones become slightly less dense.
Xom roars with laughter!
The worm bites you!
You die... "It was about time."

#...#.#########.####..
#...÷.................
#.######..#÷#########.......
#.........#...........#####.
#######.....................
#........############.#####.
#.######...... ... ..#.
#.######..#######.# #.# #.#.
#.......>..@w.....# #. #.#.
#############g###.#.# #.#.
#......r.K..... #.#.
#.#####.####.######.#. #.#
........#.#. #.# ..###.#.#.
#.# #.#.....#. #.#
#.#.....#. #.# #.#.......


You could see a worm (fast, strong, very poisoned), a hobgoblin and a kobold.

Vanquished Creatures
  An ooze (D:2)
  4 dart slugs (D:1)
  A leopard gecko (D:2)
  2 ball pythons
  A giant cockroach (D:1)
  4 goblins
  3 hobgoblins (D:1)
  7 bats
  4 frilled lizards
  2 kobolds (D:1)
  9 rats
38 creatures vanquished.

Notes
Turn   | Place    | Note
-------+----------+-------------------------------------------
     0 | D:1      | MarredHen the Kobold Chaos Knight began the quest for the
                  | Orb.
     0 | D:1      | Reached XP level 1. HP: 14/14 MP: 1/1
    51 | D:1      | Reached XP level 2. HP: 13/19 MP: 2/2
    57 | D:1      | XOM: silly message
   108 | D:1      | XOM: silly message
   286 | D:1      | Reached XP level 3. HP: 24/24 MP: 3/3
   300 | D:1      | Reached skill level 1 in Armour
   406 | D:1      | XOM: silly message
  1441 | D:2      | Reached XP level 4. HP: 29/29 MP: 4/4
  1576 | D:2      | Reached skill level 5 in Short Blades
  1643 | D:2      | Gained mutation: Your muscles are strong. (Str +2) [potion
                  | of mutation]
  1643 | D:2      | Gained mutation: You have a somewhat thin skeletal
                  | structure. (Dex +2, Stealth) [potion of mutation]
  1643 | D:2      | Slain by a worm

Illustrated notes

Levels and vault maps discovered:
D:1:      psy_arrival_terrarium, layout_basic
D:2:      layout_basic, minitemple

Skill      XL: |  1  2  3  4 |
---------------+-------------+-----
Armour         | 1 |  1.2
Fighting       | 4 |  4.0
Short Blades   | 5 |  5.0
Dodging        | |  2.7

Action                   |  1- 3 |  4- 6 || total
-------------------------+-------+-------++-------
Melee: Short sword       |    96 |    15 ||   111
  Use: Scroll            |     1 |       ||     1
       Potion            |       |     1 ||     1
  Eat: Chunk             |     4 |     2 ||     6
Armor: Leather armour    |    42 |     1 ||    43
Dodge: Dodged            |    75 |    14 ||    89

Table legend:
 A = Non-vault XP
 B = Vault XP
 C = Vault XP percentage of total XP
 D = Non-vault monster count
 E = Vault monster count
 F = Vault count percentage of total count
                 A         B        C        D         E       F
            +---------+---------+-------+---------+---------+-------
      Total |      75 |       0 |   0.0 |      38 |       0 |   0.0
            +---------+---------+-------+---------+---------+-------
        D:1 |      51 |       0 |   0.0 |      28 |       0 |   0.0
        D:2 |      24 |       0 |   0.0 |      10 |       0 |   0.0
            +---------+---------+-------+---------+---------+-------
